 Dungeon Crawl Stone Soup version 0.21.0-24-g2553a33 (webtiles) character file.

166 pstr the Digger (level 5, -3/44 HPs)
             Began as a Naga Earth Elementalist on Jan 20, 2018.
             Slain by a gnoll
             ... wielding a +0 whip
              (6 damage)
             ... on level 2 of the Dungeon.
             The game lasted 00:06:18 (3200 turns).

pstr the Digger (Naga Earth Elementalist)           Turns: 3200, Time: 00:06:19

Health: -3/44      AC:  2    Str: 11    XL:     5   Next: 47%
Magic:  9/9        EV: 10    Int: 16    God:
Gold:   125        SH:  0    Dex: 11    Spells: 6/10 levels left

rFire    . . .     SeeInvis +   (no weapon)
rCold    . . .     Gourm    .   (no shield)
rNeg     . . .     Faith    .   c - +0 robe
rPois    +         Spirit   .   (no helmet)
rElec    .         Reflect  .   (no cloak)
rCorr    .         Harm     .   (no gloves)
MR       .....                  (no barding)
Stlth    ++........             (no amulet)
HPRegen  0.14/turn              (no ring)
MPRegen  0.11/turn              (no ring)

@: very slow
A: large, see invisible, deformed body, poison resistance, slowness 2, slow
metabolism 1, spit poison 1, AC +1
a: Spit Poison


You were on level 2 of the Dungeon.
You were not hungry.

You visited 1 branch of the dungeon, and saw 3 of its levels.

You collected 125 gold pieces.

Inventory:

Missiles
 l - a stone (quivered)
Armour
 c - a +0 robe (worn)
Scrolls
 a - a scroll of noise {unknown}
 f - a scroll of enchant armour {unknown}
 g - 2 scrolls of identify {unknown}
 n - a scroll of teleportation {unknown}
Potions
 b - 2 potions of haste {unknown}
 h - a potion of agility {unknown}
 i - a potion of lignification {unknown}
 j - a potion of invisibility {unknown}
 k - a potion of degeneration {unknown}
 m - 2 potions of might {unknown}
Books
 e - a book of Geomancy

   Spells                             Type                      Level
   a - Sandblast                      Earth                        1
   b - Passwall                       Transmutation/Earth          2
   c - Stone Arrow                    Conjuration/Earth            3
   d - Petrify                        Transmutation/Earth          4
   e - Lee's Rapid Deconstruction     Earth                        5
Comestibles
 d - 3 rations
 o - a chunk of flesh


   Skills:
 + Level 1.0 Fighting
 + Level 2.0 Dodging
 + Level 3.5 Stealth
 + Level 3.3 Spellcasting
 + Level 0.6 Conjurations
   Level 1.0 Transmutations
 + Level 4.4 Earth Magic


You had 6 spell levels left.
You knew the following spells:

 Your Spells              Type           Power        Failure   Level  Hunger
a - Sandblast             Erth           ###...       3%          1    None
b - Stone Arrow           Conj/Erth      ##....       19%         3    ###....


Dungeon Overview and Level Annotations

Branches:
Dungeon (3/15)

Altars:


Innate Abilities, Weirdness & Mutations

You cannot wear boots.
Your serpentine skin is tough. (AC +1)
You have supernaturally acute eyesight. (SInv)
Armour fits poorly on your strangely shaped body.
Your system is resistant to poisons. (rPois)
You cover ground very slowly.
You have a slow metabolism.
You can spit poison.


Message History

This raw flesh tastes terrible.
Magic restored.
You start resting.
HP restored.
Wear which item? (? for menu, Esc to quit)
Okay, then.
You climb downwards.
The gnoll completely misses you. The gnoll hits you with a whip.
The gnoll hits you with a whip! The gnoll hits you with a spear.
There is a stone staircase leading up, spattered with blood here.
The gnoll hits you with a whip! The gnoll hits you with a whip.
* * * LOW HITPOINT WARNING * * *
The gnoll hits you with a spear!
* * * LOW HITPOINT WARNING * * *
You climb upwards.
There is a stone staircase leading down here.
The gnoll hits you from afar with a spear.
* * * LOW HITPOINT WARNING * * *
The gnoll hits you with a whip.
You die...

#### #.. #..# #.#
#..# #.# #..# #.#
#..# #.#
#..######### #.#
#..%........ #.#
##.######### #@#
...# #######
#g######## #...##.
#gg.# #...##.
###...########...##.
#.'...>.............
###...)############.
#....# #. #....# ##+
#....# ######..


You could see 3 gnolls.

Vanquished Creatures
  A sky beast (D:2)
  A gnoll (D:2)
  An ooze (D:2)
  An adder skeleton (D:2)
  A worm (D:2)
  A dart slug (D:1)
  A leopard gecko (D:2)
  2 ball pythons (D:2)
  3 giant cockroaches
  4 goblins
  8 hobgoblins
  6 jackals (D:2)
  5 kobolds
  7 bats
  3 frilled lizards
  8 rats
53 creatures vanquished.

Notes
Turn   | Place    | Note
-------+----------+-------------------------------------------
     0 | D:1      | pstr the Naga Earth Elementalist began the quest for the Orb.
     0 | D:1      | Reached XP level 1. HP: 15/15 MP: 3/3
   213 | D:1      | Reached XP level 2. HP: 11/22 MP: 1/5
   795 | D:1      | Reached XP level 3. HP: 28/28 MP: 4/6
   800 | D:1      | Learned a level 3 spell: Stone Arrow
  2306 | D:2      | Reached XP level 4. HP: 36/37 MP: 0/8
  2508 | D:2      | Reached skill level 4 in Earth Magic
  2880 | D:2      | Noticed a sky beast
  2890 | D:2      | Killed a sky beast
  2890 | D:2      | Reached skill level 1 in Fighting
  2890 | D:2      | Reached XP level 5. HP: 23/44 MP: 0/9
  3197 | D:2      | HP: 2/44 [gnoll/spear (1)]
  3200 | D:2      | Slain by a gnoll

Skill      XL: |  1  2  3  4  5 |
---------------+----------------+-----
Earth Magic    | 4 |  4.4
Fighting       | 1 |  1.0
Spellcasting   | 3 |  3.3
Dodging        | 2 |  2.0
Stealth        | |  3.5
Conjurations   | |  0.6
Transmutations | |  1.0

Action                   |  1- 3 |  4- 6 || total
-------------------------+-------+-------++-------
Melee: Unarmed           |       |     1 ||     1
 Cast: Sandblast         |    36 |    10 ||    46
       Stone Arrow       |    21 |    12 ||    33
 Abil: Spit Poison       |    12 |     7 ||    19
  Eat: Chunk             |     2 |     5 ||     7
       Ration            |     1 |       ||     1
Armor: Robe              |     7 |    11 ||    18
Dodge: Dodged            |    32 |    14 ||    46
